 Dungeon Crawl Stone Soup version 0.21.1-1-g345015f (webtiles) character file.

330 teukkam the Chopper (level 6, 0/56 HPs)
             Began as a Hill Orc Monk on July 24, 2018.
             Slain by a jackal (1 damage)
             ... on level 3 of the Dungeon.
             The game lasted 00:08:58 (2623 turns).

teukkam the Chopper (Hill Orc Monk)                 Turns: 2623, Time: 00:08:58

Health: 0/56       AC:  6    Str: 16    XL:     6   Next: 51%
Magic:  6/6        EV: 11    Int: 10    God:
Gold:   90         SH:  0    Dex: 13    Spells: 5/5 levels left

rFire    . . .     SeeInvis .   a - +0 hand axe
rCold    . . .     Gourm    .   (no shield)
rNeg     . . .     Faith    .   d - +0 scale mail
rPois    .         Spirit   .   (no helmet)
rElec    .         Reflect  .   (no cloak)
rCorr    .         Harm     .   (no gloves)
MR       .....                  (no boots)
Stlth    +.........             (no amulet)
HPRegen  0.18/turn              (no ring)
MPRegen  0.10/turn              (no ring)

@: lethally poisoned (0 -> -3)
A: no striking features
a: no special abilities


You were on level 3 of the Dungeon.
You were not hungry.

You visited 1 branch of the dungeon, and saw 3 of its levels.

You collected 90 gold pieces.

Inventory:

Hand Weapons
 a - a +0 hand axe (weapon)
Armour
 b - a +0 robe
 d - a +0 scale mail (worn)
Wands
 e - a wand of disintegration (17)
Scrolls
 g - 3 scrolls of identify
Potions
 i - 3 potions of haste
Comestibles
 c - 3 rations
 f - 3 chunks of flesh


   Skills:
 + Level 5.2 Fighting
 + Level 5.7 Axes
 + Level 3.6 Dodging
 + Level 3.2 Stealth


You had 5 spell levels left.
You didn't know any spells.

Dungeon Overview and Level Annotations

Branches:
Dungeon (3/15)

Altars:
Makhleb
Okawaru


Message History

You kill the jackal!
You closely miss the orc. The orc closely misses you.
The orc hits you but does no damage.
Unknown command.
You hit the orc but do no damage.
The orc is heavily wounded.
You closely miss the jackal. You hit the orc but do no damage.
You hit the adder. The adder closely misses you. The orc misses you.
The jackal barely misses you. The orc hits you but does no damage.
The adder bites you but does no damage.
You slash the orc!
You kill the orc!
You miss the adder. You hit the orc but do no damage.
You closely miss the jackal.
The jackal bites you but does no damage.
The orc misses you. The adder bites you.
* * * LOW HITPOINT WARNING * * *
You are lethally poisoned!
The adder poisons you! The jackal bites you.
You die...

#.#......#l.......##..#
#.####...c...##.#....#
........g......(.#.
####....######.(#. #
#.(...l............#
#.###................
##.#
#..........l#.#....
#..#
#.........#h#.##...
..##
#........##@l...... )##
#........##oS..###. ##
#............#.....
.........#### #...
#####...........# #.
..............#o# .
..............#†###....
..#...........#c†.o..#
.................#..##


You could see an adder, an orc, a leopard gecko, a jackal and a frilled lizard.

Vanquished Creatures
  A black bear (D:3)
  A centaur (D:3)
  An orc wizard (D:3)
  6 adders
  An ooze (D:3)
  A worm (D:2)
  4 dart slugs
  A leopard gecko (D:1)
  5 orcs (D:3)
  A ball python (D:1)
  3 giant cockroaches
  8 goblins
  A hobgoblin (D:2)
  6 jackals
  7 bats
  6 frilled lizards
  5 kobolds (D:1)
  5 rats
63 creatures vanquished.

Vanquished Creatures (others)
  A bat (D:3)
  A hobgoblin (D:1)
2 creatures vanquished.

Grand Total: 65 creatures vanquished

Notes
Turn   | Place    | Note
-------+----------+-------------------------------------------
     0 | D:1      | teukkam the Hill Orc Monk began the quest for the Orb.
     0 | D:1      | Reached XP level 1. HP: 19/19 MP: 1/1
   386 | D:1      | Reached XP level 2. HP: 27/27 MP: 2/2
   613 | D:1      | You fall through a shaft!
   978 | D:2      | Reached XP level 3. HP: 26/33 MP: 3/3
  1546 | D:2      | Found an iron altar of Okawaru.
  1574 | D:2      | Reached XP level 4. HP: 11/40 MP: 4/4
  1899 | D:3      | Noticed a black bear
  1934 | D:3      | Killed a black bear
  1934 | D:3      | Reached skill level 5 in Axes
  1934 | D:3      | Reached XP level 5. HP: 21/47 MP: 5/5
  2009 | D:3      | Noticed a centaur
  2328 | D:2      | Reached skill level 5 in Fighting
  2485 | D:2      | Reached XP level 6. HP: 46/56 MP: 6/6
  2573 | D:2      | Found a burning altar of Makhleb.
  2623 | D:3      | HP: 1/56 [adder (3)]
  2623 | D:3      | Slain by a jackal

Skill      XL: |  1  2  3  4  5 |
---------------+----------------+-----
Stealth        | 2 3 |  3.2
Fighting       | 4 5 |  5.2
Axes           | 5 |  5.7
Dodging        | 3 |  3.6

Action                   |  1- 3 |  4- 6 || total
-------------------------+-------+-------++-------
Melee: Hand axe          |   114 |   117 ||   231
Evoke: Wand              |       |     1 ||     1
  Use: Scroll            |       |     4 ||     4
       Potion            |       |     3 ||     3
 Stab: Sleeping          |     3 |       ||     3
  Eat: Chunk             |     2 |     2 ||     4
       Ration            |       |     1 ||     1
Armor: Robe              |    17 |     1 ||    18
       Scale mail        |       |    55 ||    55
Dodge: Dodged            |   127 |   109 ||   236
